Map: Romanticide LE

Players

ShoWTimE - Winner!

  • Race: Protoss Protoss
  • League: Master
  • Spawn Location: 5:00

AGOElazer (Elazer)

  • Race: Zerg Zerg
  • Spawn Location: 11:00

Event: DreamHack SC2 Masters 2020 Winter

VOD

Have the link to the VOD?

Description

Time

  • Played on: Nov. 1, 2020, 11:22 a.m.
  • Length: 9:25

All games in this series

Show
View Real Time Build Order
Export as new Build Order

ShoWTimE Protoss - Winner!

Build Orders: 1 Gate Expand, Oracle Opening, Zealot Archon 

Get SALT Encoding   

  12  0:00  Probe  
  13  0:12  Probe  
  14  0:19  Pylon  
  14  0:24  Probe  
  15  0:37  Probe (Chrono Boost)  
  15  0:40  Gateway  
  16  0:46  Probe (Chrono Boost)  
  16  0:49  Assimilator  
  17  0:51  Probe (Chrono Boost)  
  18  1:03  Probe  
  19  1:15  Probe  
  20  1:26  Nexus  
  20  1:36  Cybernetics Core  
  20  1:39  Probe  
  21  1:45  Assimilator  
  21  1:51  Probe  
  22  1:54  Pylon  
  22  2:03  Probe (Chrono Boost)  
  23  2:10  Adept (Chrono Boost)  
  23  2:12  Warp Gate  
  26  2:15  Probe (Chrono Boost)  
  26  2:24  Probe (Chrono Boost)  
  26  2:27  Stargate  
  27  2:30  Probe (Chrono Boost)  
  27  2:35  Stalker  
  30  2:40  Probe (Chrono Boost)  
  32  2:48  Probe (Chrono Boost)  
  32  2:49  Probe (Chrono Boost)  
  33  2:54  Probe x2 (Chrono Boost)  
  35  3:05  Gateway  
  35  3:06  Probe x2  
  35  3:09  Oracle (Chrono Boost)  
  40  3:18  Pylon, Probe  
  40  3:19  Probe  
  42  3:23  Adept  
  44  3:30  Probe  
  44  3:31  Probe  
  46  3:36  Oracle (Chrono Boost)  
  46  3:40  Pylon  
  49  3:42  Probe  
  49  3:43  Probe  
  51  3:54  Probe  
  52  3:55  Probe  
  52  4:01  Assimilator  
  52  4:02  Adept x2  
  57  4:03  Assimilator  
  57  4:04  Pylon  
  57  4:07  Probe  
  57  4:08  Probe  
  59  4:13  Oracle (Chrono Boost)  
  62  4:22  Probe x2  
  64  4:31  Robotics Facility  
  64  4:32  Pylon  
  64  4:34  Pylon, Probe  
  65  4:39  Nexus, Probe  
  66  4:46  Probe  
  66  4:51  Probe  
  68  4:58  Probe  
  66  5:03  Probe  
  66  5:04  Pylon  
  66  5:07  Adept  
  69  5:10  Probe  
  69  5:12  Adept  
  64  5:15  Probe  
  64  5:18  Immortal (Chrono Boost)  
  64  5:20  Forge  
  67  5:22  Twilight Council, Probe  
  67  5:27  Probe  
  69  5:31  Gateway  
  69  5:33  Gateway, Shield Battery  
  69  5:35  Sentry  
  71  5:36  Sentry  
  71  5:40  Probe  
  71  5:42  Probe  
  75  5:50  Observer  
  75  5:51  Gateway, Probe  
  75  5:52  Gateway, Protoss Ground Weapons Level 1, Probe  
  75  5:54  Probe  
  79  6:01  Assimilator  
  79  6:02  Charge (Chrono Boost)  
  76  6:06  Assimilator, Probe  
  76  6:08  Probe, Templar Archives  
  78  6:11  Sentry  
  78  6:13  Probe  
  81  6:19  Probe  
  81  6:20  Probe  
  81  6:24  Gateway x2  
  81  6:25  Probe  
  84  6:26  Stalker  
  84  6:31  Gateway, Probe  
  84  6:32  Probe  
  88  6:39  Warp Prism (Chrono Boost)  
  89  6:41  Gateway  
  89  6:43  Pylon  
  90  6:48  High Templar x2  
  90  6:50  Pylon  
  90  6:52  Phoenix  
  90  6:53  Archon  
  96  6:55  Zealot x3  
  102  7:06  Immortal (Chrono Boost)  
  102  7:14  Pylon  
  106  7:16  Nexus  
  106  7:20  High Templar x2  
  106  7:21  Zealot x3  
  116  7:24  Archon  
  116  7:25  Pylon, Zealot  
  116  7:28  Shield Battery  
  116  7:29  Shield Battery  
  118  7:35  Zealot x2  
  122  7:37  Phoenix  
  124  7:46  Zealot x4  
  124  7:48  Zealot  
  134  7:56  Immortal (Chrono Boost)  
  134  7:57  Zealot  
  134  8:01  Zealot x2  
  132  8:06  Probe  
  132  8:10  Shield Battery  
  132  8:12  High Templar x3  
  141  8:14  High Templar  
  141  8:17  Pylon  
  141  8:20  Archon  
  141  8:24  Archon  
  141  8:25  Shield Battery  
  141  8:31  Shield Battery  
  141  8:33  Pylon  
  141  8:35  High Templar  
  141  8:36  High Templar x3  
  141  8:38  Probe x2  
  141  8:39  Probe x2  
  141  8:40  Archon x2  
  153  8:42  Zealot x2  
  157  8:49  Pylon  
  157  8:50  Probe x2  
  157  8:51  Probe x2  
  157  8:55  High Templar x2, Zealot  
  165  8:56  Zealot  
  165  8:59  Archon  
  169  9:08  Zealot x6  
  165  9:13  Probe  
  163  9:17  Assimilator  
  159  9:22  Assimilator  
Show
View Real Time Build Order
Export as new Build Order

AGOElazer Zerg 

Build Orders: Hatch First 

Get SALT Encoding   

  12  0:00  Drone  
  13  0:12  Overlord  
  13  0:17  Drone  
  14  0:31  Drone x2  
  16  0:43  Drone  
  17  0:51  Hatchery  
  17  0:54  Drone  
  17  0:58  Drone  
  18  1:08  Extractor  
  17  1:13  Spawning Pool  
  17  1:15  Drone  
  17  1:18  Drone  
  18  1:27  Drone  
  19  1:38  Drone  
  20  1:51  Overlord  
  20  2:00  Queen  
  22  2:04  Zergling x2  
  22  2:05  Drone, Queen  
  22  2:08  Metabolic Boost  
  26  2:11  Zergling x2  
  26  2:14  Drone  
  28  2:22  Drone  
  29  2:25  Drone  
  30  2:32  Drone  
  30  2:35  Drone  
  32  2:41  Queen  
  34  2:45  Overlord  
  34  2:52  Drone, Hatchery  
  34  2:57  Zergling x2  
  35  2:58  Drone  
  35  3:02  Queen  
  35  3:05  Drone  
  39  3:09  Drone  
  39  3:10  Overlord  
  40  3:13  Drone x2  
  40  3:15  Drone  
  40  3:17  Drone  
  44  3:28  Queen  
  44  3:31  Drone  
  44  3:32  Zergling x4  
  44  3:33  Drone x2  
  51  3:41  Overlord  
  51  3:43  Drone  
  52  3:52  Roach Warren  
  52  3:53  Drone  
  52  3:56  Overlord  
  52  4:01  Drone x3, Overlord  
  55  4:04  Zergling x4  
  55  4:07  Queen  
  59  4:11  Zergling x2  
  60  4:21  Zergling x10  
  65  4:27  Overlord  
  65  4:29  Zergling x4  
  67  4:33  Spore Crawler  
  67  4:34  Spore Crawler  
  67  4:37  Overlord  
  65  4:43  Overlord  
  63  4:47  Overlord  
  63  4:50  Drone x7  
  63  4:51  Drone x2  
  64  5:07  Drone  
  64  5:09  Drone x6  
  65  5:15  Overlord  
  65  5:16  Drone  
  65  5:20  Drone  
  65  5:21  Lair  
  63  5:22  Drone  
  63  5:24  Drone x3, Extractor  
  63  5:25  Extractor  
  63  5:26  Drone  
  66  5:29  Drone  
  66  5:30  Drone x2  
  66  5:32  Spore Crawler  
  68  5:37  Drone x3  
  68  5:42  Extractor  
  70  5:44  Drone x2  
  70  5:47  Overlord  
  72  5:51  Drone x5  
  73  5:57  Drone x3  
  73  5:58  Drone x3  
  73  6:00  Drone  
  73  6:02  Evolution Chamber  
  79  6:10  Overlord  
  79  6:11  Drone x2  
  79  6:17  Hatchery  
  80  6:20  Extractor  
  80  6:22  Extractor, Spire  
  80  6:24  Overlord  
  77  6:27  Drone x6  
  77  6:28  Zerg Melee Weapons Level 1  
  77  6:30  Zergling x6  
  86  6:33  Roach x2  
  86  6:37  Roach  
  92  6:40  Overlord  
  92  6:44  Zergling x4  
  94  6:50  Roach x6  
  106  6:55  Baneling Nest  
  106  6:56  Roach x3  
  111  7:02  Drone x3  
  111  7:06  Roach  
  116  7:08  Unknown  
  116  7:14  Queen, Overlord  
  116  7:16  Roach, Glial Reconstitution  
  116  7:20  Roach x3  
  116  7:21  Roach  
  126  7:26  Zergling x12  
  132  7:33  Overlord  
  132  7:35  Roach x3  
  132  7:36  Ravager x3  
  141  7:41  Roach  
  143  7:50  Roach x8  
  159  7:54  Zergling x10  
  162  8:01  Zergling x4  
  159  8:10  Zergling x6  
  159  8:12  Ravager x2  
  162  8:13  Overlord  
  162  8:17  Hatchery  
  162  8:18  Ravager  
  162  8:19  Overlord  
  161  8:22  Ravager  
  162  8:32  Zergling x2  
  162  8:33  Zergling x14  
  162  8:34  Overlord  
  170  8:39  Ravager x8  
  178  8:44  Baneling x11  
  178  8:46  Baneling  
  178  8:49  Baneling x2  
  178  8:50  Baneling  
  178  8:53  Baneling  
  178  8:54  Baneling x2  
  171  9:06  Zergling x8  
  171  9:07  Zergling x16  
Tags
 
Add a new tag
Caveats
  • Supply blocks, unpowered buildings, or Contaminate may cause inaccurate times.
  • Supply counts are checked every 10 seconds.